Map: Cyber Forest LE

Players

Clarky

  • Race: Terran Terran
  • League: Diamond
  • Spawn Location: 11:00

llIllllIllll - Winner!

  • Race: Protoss Protoss
  • Spawn Location: 5:00

VOD

Have the link to the VOD?

Description

Time

  • Played on: Jan. 23, 2019, 3:46 p.m.
  • Length: 5:55
Show
View Real Time Build Order
Export as new Build Order

Clarky Terran 

Build Orders:  

Get SALT Encoding   

  12  0:01  SCV  
  13  0:13  SCV  
  14  0:19  Supply Depot  
  14  0:25  SCV  
  16  0:42  Barracks  
  15  0:51  Barracks  
  15  0:57  Refinery  
  15  0:59  SCV  
  16  1:12  SCV  
  17  1:24  SCV  
  18  1:32  Barracks Tech Lab  
  18  2:12  Marauder  
  19  2:17  Refinery  
  19  2:33  Orbital Command  
  19  2:40  Supply Depot  
  18  2:50  Marauder  
  6  3:36  Concussive Shells  
  6  3:51  Orbital Command  
  4  4:57  SCV  
  5  5:05  Marine  
Show
View Real Time Build Order
Export as new Build Order

llIllllIllll Protoss - Winner!

Build Orders: Cannon Rush 

Get SALT Encoding   

  12  0:07  Probe  
  13  0:19  Probe  
  14  0:31  Probe  
  14  0:34  Pylon  
  15  0:52  Probe  
  15  0:56  Forge  
  16  1:04  Probe  
  16  1:10  Pylon  
  17  1:35  Photon Cannon  
  17  1:39  Photon Cannon  
  17  1:46  Pylon  
  17  1:49  Photon Cannon  
  17  2:08  Probe  
  18  2:19  Probe  
  19  2:27  Pylon, Probe  
  19  2:35  Probe  
  21  2:46  Probe  
  20  2:51  Photon Cannon  
  19  2:58  Probe  
  20  3:13  Pylon  
  20  3:17  Gateway  
  20  3:29  Assimilator  
  20  3:36  Photon Cannon  
  20  3:41  Assimilator  
  20  3:49  Pylon  
  20  3:52  Pylon  
  20  3:55  Pylon  
  20  4:01  Pylon  
  20  4:06  Pylon  
  20  4:26  Nexus  
  20  4:29  Cybernetics Core  
  17  4:47  Probe  
Tags
 
Add a new tag
Caveats
  • Supply blocks, unpowered buildings, or Contaminate may cause inaccurate times.
  • Supply counts are checked every 10 seconds.